 Dungeon Crawl Stone Soup version 0.17.2-1-ge4368a0 (webtiles) character file.

14 tidbits the Insei (level 2, 2/22 HPs)
             Began as a Demigod Transmuter on Sept 21, 2017.
             Quit the game on level 2 of the Dungeon.
             The game lasted 00:02:31 (257 turns).

tidbits the Insei (Demigod Transmuter)               Turns: 257, Time: 00:02:31

Health: 2/22       AC:  2    Str: 13      XL:     2   Next: 15%
Magic:  0/7        EV: 12    Int: 17      God:
Gold:   22         SH:  0    Dex: 15 (16) Spells: 2 memorised, 2 levels left

rFire  . . .     SeeInvis .     h - +0 short sword
rCold  . . .     Clarity  .     b - +0 robe
rNeg   . . .     SustAt   +     (no shield)
rPois  .         Gourm    .     (no helmet)
rElec  .         Spirit   .     (no cloak)
rCorr  .         Warding  .     (no gloves)
rMut   .         Stasis   .     (no boots)
MR     .....                    (no amulet)
Stlth  +.........               (no ring)
                                (no ring)

@: lethally poisoned (2 -> -23), appendage, very slightly contaminated, not
resistant to hostile enchantments, very unstealthy
A: horns 2, high mp 1, sustain attributes
a: End Transformation


You were on level 2 of the Dungeon.
You were not hungry.
You had grown temporary horns.
You visited 1 branch of the dungeon, and saw 2 of its levels.

You collected 22 gold pieces.

Inventory:

Hand Weapons
 h - a +0 short sword (weapon)
   (You took it off a kobold on level 1 of the Dungeon)
Missiles
 a - 52 arrows
Armour
 b - a +0 robe (worn)
 l - a +0 helmet
   (You found it on level 2 of the Dungeon)
Scrolls
 e - a scroll of recharging {unknown}
 g - a scroll of amnesia {unknown}
 i - a scroll of identify {unknown}
Books
 c - a book of Changes

   Spells                             Type                      Level
   a - Beastly Appendage              Transmutation                1
   b - Sticks to Snakes               Transmutation                2
   c - Spider Form                    Transmutation/Poison         3
   d - Ice Form                       Ice/Transmutation            4
   e - Blade Hands                    Transmutation                5
Comestibles
 d - 2 bread rations
 f - a slice of pizza
 k - a royal jelly


   Skills:
 - Level 0.8 Fighting
 - Level 1.7 Dodging
 + Level 3.0 Unarmed Combat
 - Level 2.0 Spellcasting
 + Level 2.1 Transmutations


You had 2 spell levels left.
You knew the following spells:

 Your Spells              Type           Power        Failure   Level  Hunger
e - Beastly Appendage     Trmt           #.....       10%         1    #......
k - Sticks to Snakes      Trmt           #.........   14%         2    ###....


Dungeon Overview and Level Annotations

Branches:
Dungeon (2/15)


Innate Abilities, Weirdness & Mutations

You have an increased reservoir of magic (+10% MP).
Your attributes are resistant to harm.
You have a pair of horns on your head.


Message History

Found 6 gold pieces.
A bat comes into view.
Casting: Beastly Appendage
Confirm with . or Enter, or press ? or * to list all spells.
You grow a pair of large bovine horns.
You barely miss the bat. You punch the bat.
You kill the bat!
You hit the kobold but do no damage. The kobold hits you.
You barely miss the kobold. You headbutt the kobold.
You kill the kobold!
Your Unarmed Combat skill increases to level 3!
You see here a helmet.
l - a helmet Wear which item? (? for menu, Esc to quit)
You can't wear that with your horns!
Adjust (i)tems, (s)pells, or (a)bilities?
Adjust which item? (? for menu, Esc to quit)
Okay, then.
Your transformation is almost over.
You now have 22 gold pieces (gained 6).
Found a dark potion.
Your horns disappear.
A bat comes into view.
You see here a dark potion.
The bat barely misses you. The bat hits you but does no damage.
You hit the bat but do no damage. The bat hits you but does no damage.
Casting: Beastly Appendage
Confirm with . or Enter, or press ? or * to list all spells.
You miscast Beastly Appendage.
You are very lightly contaminated with residual magic.
You feel a strange surge of energy! The bat closely misses you.
Casting: Beastly Appendage
Confirm with . or Enter, or press ? or * to list all spells.
Your feet morph into talons.
The bat hits you.
You see here a dark potion.
You hit the bat but do no damage. You claw the bat.
The bat is severely wounded.
The bat barely misses you. The bat misses you.
You hit the bat.
You kill the bat!
m - a dark potion Your transformation is almost over.
You see here a bat corpse.
A bat comes into view.
An adder comes into view.
The bat misses you.
Casting: Beastly Appendage
Confirm with . or Enter, or press ? or * to list all spells.
You create a snake!
Your talons disappear.
The bat hits you but does no damage. The bat hits your ball python.
You closely miss the bat. The bat hits you.
The bat completely misses your ball python.
Your ball python completely misses the bat.
Your ball python closely misses the bat.
Casting: Sticks to Snakes
Confirm with . or Enter, or press ? or * to list all spells.
You miscast Beastly Appendage.
Nothing appears to happen.
The bat hits you.
Your ball python misses the bat.
Your ball python barely misses the bat.
The bat hits you but does no damage.
Casting: Beastly Appendage
Confirm with . or Enter, or press ? or * to list all spells.
You miscast Beastly Appendage.
Strange energies run through your body. The bat hits your ball python.
The bat misses your ball python.
Your ball python bites the bat.
Your ball python barely misses the bat.
The bat hits your ball python. The adder bites you but does no damage.
Your ball python closely misses the bat.
Your ball python barely misses the bat.
Casting: Beastly Appendage
Confirm with . or Enter, or press ? or * to list all spells.
You grow a pair of large bovine horns.
The bat hits your ball python. The bat hits your ball python. x2
Your ball python dies!
The adder closely misses you.
You miss the adder. The adder closely misses you.
Casting: Beastly Appendage
Confirm with . or Enter, or press ? or * to list all spells.
You create a snake!
The adder bites you.
You are poisoned.
The adder poisons you! The adder bites you.
Drink which item? (? for menu, Esc to quit)
It was a potion of degeneration.
There was something very wrong with that liquid.
You feel somewhat clumsy.
You feel sick. The adder bites you.
* * * LOW HITPOINT WARNING * * *
Your ball python barely misses the bat.
Your ball python grabs the bat.
Your ball python constricts the bat.
Drink which item? (? for menu, Esc to quit)
It was a potion of poison.
That liquid tasted very nasty...
You are lethally poisoned!
* * * LOW HITPOINT WARNING * * *
You feel sick. The adder bites you.
* * * LOW HITPOINT WARNING * * *
Your ball python barely misses the bat.
Your ball python constricts the bat.
The bat dies!
Are you sure you want to abandon this character and quit the game? (Confirm with "yes".)

........#
........#
........#
........# ###
........########.#
+######.........†#
##########.# #.#
#@# #
..####S#####.#.#
......S..........
...####..........
+..........
#..........
#..........
#......#...
#......# ..


You could see an adder and a friendly ball python.

Vanquished Creatures
  2 hobgoblins (D:1)
  5 kobolds
  4 bats
  A giant newt (D:1)
  A goblin (D:1)
13 creatures vanquished.

Vanquished Creatures (collateral kills)
  A bat (D:2)
1 creature vanquished.

Grand Total: 14 creatures vanquished

Notes
Turn   | Place    | Note
--------------------------------------------------------------
     0 | D:1      | tidbits the Demigod Transmuter began the quest for the Orb.
     0 | D:1      | Reached XP level 1. HP: 15/15 MP: 5/5
    40 | D:1      | Reached skill level 2 in Transmutations
   169 | D:1      | Reached skill level 2 in Spellcasting
   169 | D:1      | Reached XP level 2. HP: 14/22 MP: 5/7
   174 | D:1      | Learned a level 2 spell: Sticks to Snakes
   211 | D:2      | Reached skill level 3 in Unarmed Combat
   256 | D:2      | HP: 2/22 [adder (5)]
   257 | D:2      | Quit the game

Action                   || total
-------------------------++-------
Melee: Unarmed           ||    19
       Short sword       ||    14
 Cast: Beastly Appendage ||    12
       Sticks to Snakes  ||     2
  Use: Potion            ||     2

Table legend:
 A = Turns spent in this place as a percentage of turns spent in the entire game.
 B = Non-inter-level travel turns spent in this place as a percentage of non-inter-level travel turns spent in the entire game.
 C = Inter-level travel turns spent in this place as a percentage of turns spent in this place.
 D = Turns resting spent in this place as a percentage of non-inter-level travel turns spent in this place.
 E = Turns spent auto-exploring this place as a percentage of non-inter-level travel turns spent in this place.
 F = Non-inter-level travel turns spent in this place divided by the number of levels of this place that you've seen.
                   A       B       C       D       E      F
               +-------+-------+-------+-------+-------+----------------------
         Total | 100.0 | 100.0 |   0.4 |   0.0 |   0.0 | 115.5
       Dungeon | 100.0 | 100.0 |   0.4 |   0.0 |   0.0 | 115.5
               +-------+-------+-------+-------+-------+----------------------

Table legend:
 A = Kills in this place as a percentage of kills in entire the game.
 B = Kills by you in this place as a percentage of kills by you in the entire game.
 C = Kills by friends in this place as a percentage of kills by friends in the entire game.
 D = Other kills in this place as a percentage of other kills in the entire game.
 E = Experience gained in this place as a percentage of experience gained in the entire game.
 F = Experience gained in this place divided by the number of levels of this place that you have seen.
                   A       B       C       D       E      F
               +-------+-------+-------+-------+-------+----------------------
         Total | 100.0 | 100.0 | 100.0 |  -nan | 100.0 |  10.0
       Dungeon | 100.0 | 100.0 | 100.0 |  -nan | 100.0 |  10.0
               +-------+-------+-------+-------+-------+----------------------

Vault maps used:
D:1:      dpeg_arrival_tiny_i, corexii_corridor_pit
D:2:      uniq_sigmund
